 Dungeon Crawl Stone Soup version 0.30.1-4-g462c640d31 (webtiles) character file.

Game seed: 4948309319638713003

37 hawla the Firebug (level 3, 0/26 HPs)
             Began as a Meteoran Fire Elementalist on Aug 15, 2023.
             Slain by an adder (4 damage)
             ... on level 4 of the Dungeon.
             The game lasted 00:02:07 (287 turns).

hawla the Firebug (Meteoran Fire Elementalist)       Turns: 287, Time: 00:02:08

Health: 0/26       AC:  4    Str: 10    XL:     3   Next: 85%
Magic:  0/8        EV: 12    Int: 18    God:
Gold:   43         SH:  0    Dex: 14    Spells: 5/8 levels left

rFire   . . .        e - +0 mace
rCold   . . .        (no shield)
rNeg    . . .        a - +1 robe
rPois   .            c - +0 helmet
rElec   .            (no cloak)
rCorr   .            (no gloves)
SInv    .            (no boots)
Will    .....        (no amulet)
Stlth   +            (no ring)
HPRegen 0.24/turn    (no ring)
MPRegen 0.11/turn

%: no passive effects
@: attractive, glowing
A: sense surroundings 1, otherworldly, glowing, explore regen
a: no special abilities


You were on level 4 of the Dungeon.
You visited 1 branch of the dungeon, and saw 4 of its levels.

You collected 43 gold pieces.

Inventory:

Hand Weapons
 e - a +0 mace (weapon)
Armour
 a - a +1 robe (worn)
 c - a +0 helmet (worn)
Scrolls
 b - a scroll of magic mapping


   Skills:
 + Level 2.6 Dodging
 - Level 1.4 Stealth
 + Level 3.4 Spellcasting
 + Level 1.6 Conjurations
 + Level 4.5 Fire Magic


You had 5 spell levels left.
You knew the following spells:

 Your Spells              Type           Power      Damage    Failure   Level
a - Foxfire               Conj/Fire      56%        2x1d6     4%          1
b - Scorch                Fire           38%        2d6       3%          2

Your spell library contained the following spells:

 Spells                   Type           Power      Damage    Failure   Level
 Inner Flame              Hex/Fire       11%        N/A       19%         3
 Volatile Blastmotes      Fire/Tloc      22%        2d11      19%         3
 Flame Wave               Conj/Fire      14%        2d6       41%         4
 Summon Cactus Giant      Summ           1%         N/A       100%        6


Dungeon Overview and Level Annotations

Branches:
Dungeon (4/15) Zot: 2111
 Temple: D:4-7

Altars:


Innate Abilities, Weirdness & Mutations

You passively map a small area around you.
You are easily found by Zot.
You glow in the dark.
You regain HP and MP as you explore.


Message History

The orc wizard is severely wounded.
The orc wizard hits you but does no damage.
Casting: Foxfire (safe; 4% risk of failure)
Confirm with . or Enter, or press ? or * to list all spells.
You conjure some foxfire!
The adder barely misses you.
The orc wizard gestures at you while chanting.
You are confused.
The adder bites you.
You're too confused to move!
The foxfire hits the adder.
The adder is moderately wounded.
The foxfire hits the adder but does no damage.
The adder is moderately wounded.
The orc wizard hits you but does no damage.
The adder bites you but does no damage.
Unknown command.
It was a potion of attraction.
You feel attractive to monsters.
The orc wizard hits you but does no damage.
The adder bites you.
You aren't carrying any potions.
You are too confused!
You are too confused!
You completely miss the adder.
The adder is moderately wounded.
The adder bites you but does no damage.
The orc wizard hits you with a +0 dagger.
The adder completely misses you.
The orc wizard hits you but does no damage.
You miss the adder.
The adder is moderately wounded.
The adder bites you.
* * * LOW HITPOINT WARNING * * *
The orc wizard misses you. The adder bites you.
* * * LOW HITPOINT WARNING * * *
You're too confused to move!
You feel less confused.
The orc wizard hits you with a +0 dagger.
* * * LOW HITPOINT WARNING * * *
The adder bites you.
You die...

,,,,,,,,,,,,,,,,,..........#,,,*,
,,,,,,,,,,,,,,,,,..........#,,,*,
,,,,,,,,,,,,,,,,,..........#,,,*.
,,,,,,,,,,,,,,,,,..........#####.
,,,,,,,,,###############.........
,,,,,,,,,#.............#.........
,,,,,,,,,+.............'.........
,,,,,,,,,#.....oS......#.........
,,,,,,,,,*#...##@..#####.........
*****,,,,,#,,,*#####.............
,,,,*,,,,,*,,,,,,,,#.............
,,,,*,,,,,*,,,,,,,,#.............
,,,,*,,,,,*,,,,,,,,#.............
,,,,*,,,,,***+****+#.............
*+***,,,,,,,,,,,,,....###########
,,,,*,,,,,,,,,,,,,....*,,,,,,,#..
,,,,*,,,,,,,,,,,,,,..,*,,,,,,,#..


You could see an orc wizard and an adder.

Vanquished Creatures
  An ufetubus (D:4)
  A dart slug (D:3)
  4 orcs
  2 ball pythons (D:3)
  2 endoplasms
  A giant cockroach (D:2)
  A goblin (D:3)
  A hobgoblin (D:3)
  4 jackals (D:3)
  2 kobolds (D:1)
  2 quokkas (D:3)
  A rat (D:2)
22 creatures vanquished.

Vanquished Creatures (others)
  51 foxfires
51 creatures vanquished.

Grand Total: 73 creatures vanquished

Notes
Turn   | Place    | Note
-------+----------+-------------------------------------------
     0 | D:1      | hawla the Meteoran Fire Elementalist began the quest for
                  | the Orb.
     0 | D:1      | Reached XP level 1. HP: 14/14 MP: 5/5
    40 | D:2      | Reached skill level 4 in Fire Magic
    40 | D:2      | Reached XP level 2. HP: 20/20 MP: 2/6
    43 | D:2      | Learned a level 2 spell: Scorch
   165 | D:3      | Reached XP level 3. HP: 20/26 MP: 0/8
   287 | D:4      | Slain by an adder

Illustrated notes

Levels and vault maps discovered:
D:1:      eino_arrival_water_cross, layout_basic, grunt_decor_mini_mirrors
D:2:      layout_loops_cross
D:3:      layout_rooms, mainiacjoe_overflow_brackets,
          shapermc_ecumenical_altar_mp_highgroup, portal_sewer_entry_e,
          gammafunk_ghost_gnarly_gnolls, minmay_quantized
D:4:      layout_gridville, lemuel_crystal_altar, uniq_blork_the_orc

Skill      XL: |  1  2 |
---------------+-------+-----
Fire Magic     | 4 |  4.5
Spellcasting   | 3 |  3.4
Dodging        | |  2.6
Stealth        | |  1.4
Conjurations   | |  1.6

Action                     || total
---------------------------++-------
  Melee: Unarmed           ||     9
         Mace              ||     3
   Cast: Foxfire           ||    28
         Scorch            ||     4
    Use: Scroll            ||     3
         Potion            ||     2
 Armour: Robe              ||    23
  Dodge: Dodged            ||    35
